 Dungeon Crawl Stone Soup version 0.26.0-10-g1f06aea511 (webtiles) character file.

Game seed: 6873013645087123706

280 shakesphere1979 the Conjurer (level 6, -9/35 HPs)
             Began as a Deep Elf Conjurer on Jan 13, 2021.
             Shot with an arrow by a centaur (11 damage)
             ... on level 5 of the Dungeon on Jan 14, 2021.
             The game lasted 00:12:54 (4780 turns).

shakesphere1979 the Conjurer (Deep Elf Conjurer)    Turns: 4780, Time: 00:12:55

Health: -9/35      AC:  4    Str:  4    XL:     6   Next: 5%
Magic:  9/14       EV: 14    Int: 25    God:
Gold:   285        SH:  0    Dex: 13    Spells: 7/13 levels left

rFire    + . .     SeeInvis .   c - +1 dagger
rCold    x . .     Faith    .   (no shield)
rNeg     . . .     Spirit   .   a - +0 robe
rPois    .         Reflect  .   C - +0 helmet
rElec    .         Harm     .   t - +0 cloak
rCorr    .         Rampage  .   (no gloves)
Will     .....                  (no boots)
Stlth    +++.......             (no amulet)
HPRegen  0.11/turn              s - ring of fire
MPRegen  0.14/turn              (no ring)

@: no status effects
A: no striking features
a: no special abilities


You were on level 5 of the Dungeon.
You visited 1 branch of the dungeon, and saw 5 of its levels.

You collected 285 gold pieces.

Inventory:

Hand Weapons
 c - a +1 dagger (weapon)
 y - a +0 hunting sling
 A - a +0 flail
Missiles
 d - 77 sling bullets
 e - 21 bolts
 k - 177 stones
 q - 8 datura-tipped darts
Armour
 a - a +0 robe (worn)
 g - a scarf of invisibility
 t - a +0 cloak (worn)
 C - a +0 helmet (worn)
Jewellery
 s - a ring of fire (left hand)
 B - an uncursed ring of positive energy {unknown}
Scrolls
 b - a scroll of enchant armour {unknown}
 f - 5 scrolls of identify
 h - 2 scrolls of amnesia
 l - a scroll of immolation {unknown}
 m - 2 scrolls of enchant weapon
 n - a scroll of teleportation {unknown}
 r - 2 scrolls of remove curse
 u - 2 scrolls of fear
 w - a scroll of blinking {unknown}
 D - a scroll of noise {unknown}
Potions
 i - a potion of curing {unknown}
 j - a potion of haste {unknown}
 o - a potion of ambrosia {unknown}
 p - 2 potions of brilliance
 v - a potion of resistance {unknown}
 x - a potion of attraction {unknown}
 z - a potion of heal wounds {unknown}


   Skills:
 + Level 1.7 Fighting
 + Level 3.9 Dodging
 + Level 4.1 Stealth
 + Level 4.4 Spellcasting
 + Level 5.6 Conjurations


You had 7 spell levels left.
You knew the following spells:

 Your Spells              Type           Power        Failure   Level
a - Magic Dart            Conj           100%         1%          1
b - Searing Ray           Conj           66%          1%          2
c - Dazzling Flash        Conj/Hex       38%          9%          3

Your spell library contained the following spells:

 Spells                   Type           Power        Failure   Level
 Fulminant Prism          Conj/Hex       9%           26%         4
 Iskenderun's Mystic Bla  Conj/Tloc      19%          26%         4


Dungeon Overview and Level Annotations

Branches:
Dungeon (5/15)
 Temple: D:4-7

Altars:
Qazlal
Xom
The Shining One

Annotations:
D:3 1 runed translucent door


Message History

(Press . to maintain the ray.)
The centaur shoots an arrow.
The arrow hits you.
The searing ray hits the centaur.
The centaur is moderately wounded.
The adder closely misses you.
The searing ray hits the adder!
You kill the adder!
The searing ray hits the centaur!
The centaur is severely wounded.
The centaur shoots an arrow.
The arrow hits you!
The searing ray hits the leopard gecko!
You kill the leopard gecko!
The searing ray hits the centaur.
The centaur is almost dead.
You finish channeling your searing ray.
The centaur shoots an arrow.
The arrow hits you but does no damage.
The centaur shoots an arrow.
The arrow hits you!
* * * LOW HITPOINT WARNING * * *
The centaur shoots an arrow.
The arrow hits you!
You die...

####..#'#..## #....##.##..#
#.#..#.[.#..# #.#
#...#######.# #. #.#####...#
#.## #.# #.#..##...# +..#
####.# #.#..##..#########.#
...#)# #.#...#..#......)#.#
##.#.# #.#.....@†c...(.$#.#
.....# #........#......?#.#
##.#.####........#########.#
...#..............#.....'..#
#..#.#####........#.....#.##
.....#............#######.#
.......###.........#...#..#
.............<##...##.##..#
.......###########..#[#...#


You could see a centaur.

Vanquished Creatures
  An orc priest (D:4)
  An orc wizard (D:4)
  3 worker ants (D:4)
  5 adders
  A shadow imp (D:5)
  A white imp (D:5)
  An adder skeleton (D:4)
  2 worms (D:3)
  A dart slug (D:2)
  3 leopard geckos
  8 orcs
  A giant cockroach (D:1)
  8 goblins
  4 hobgoblins
  7 jackals (D:1)
  3 quokkas
  2 ball pythons
  11 bats
  5 frilled lizards
  3 kobolds
  A quokka skeleton (D:4)
  10 rats
82 creatures vanquished.

Vanquished Creatures (others)
  5 dream sheep (D:4)
5 creatures vanquished.

Grand Total: 87 creatures vanquished

Notes
Turn   | Place    | Note
-------+----------+-------------------------------------------
     0 | D:1      | shakesphere1979 the Deep Elf Conjurer began the quest for
                  | the Orb.
     0 | D:1      | Reached XP level 1. HP: 10/10 MP: 6/6
   218 | D:1      | Reached XP level 2. HP: 15/15 MP: 6/8
   699 | D:1      | Reached skill level 5 in Conjurations
  1231 | D:1      | Reached XP level 3. HP: 19/19 MP: 6/9
  1306 | D:1      | Learned a level 2 spell: Searing Ray
  2160 | D:2      | Reached XP level 4. HP: 24/24 MP: 7/11
  2682 | D:3      | Found a stormy altar of Qazlal.
  2792 | D:3      | Found a glowing golden altar of the Shining One.
  2941 | D:3      | Reached skill level 1 in Fighting
  3099 | D:3      | Found a glowing golden altar of the Shining One.
  3100 | D:3      | Found a runed translucent door.
  3100 | D:3      | Noticed an angel
  3636 | D:4      | Learned a level 3 spell: Dazzling Flash
  3695 | D:4      | Reached XP level 5. HP: 20/29 MP: 10/13
  4187 | D:4      | Noticed a dream sheep
  4187 | D:4      | Noticed a dream sheep
  4187 | D:4      | Noticed a dream sheep
  4187 | D:4      | Noticed a dream sheep
  4187 | D:4      | Noticed a dream sheep
  4187 | D:4      | Found a shimmering altar of Xom.
  4192 | D:4      | Killed a dream sheep
  4192 | D:4      | Killed a dream sheep
  4192 | D:4      | Killed a dream sheep
  4193 | D:4      | Killed a dream sheep
  4194 | D:4      | Killed a dream sheep
  4388 | D:5      | Entered Level 5 of the Dungeon
  4630 | D:5      | Reached XP level 6. HP: 20/35 MP: 10/14
  4780 | D:5      | Shot with an arrow by a centaur

Illustrated notes

Levels and vault maps discovered:
D:1:      lemuel_arrival_behind_the_door_large, layout_basic
D:2:      layout_rooms, hangedman_feature_mirror
D:3:      layout_loops_ring, overflow_temple_1_default, lemuel_round_altar,
          lemuel_angel_altar
D:4:      kennysheep_big_flooded_room, layout_cave_pools, kb_xom_exploding_sheep
D:5:      layout_basic, minmay_temple_entry_gardened_gates,
          gammafunk_ghost_abyssal_escape, minmay_divided_ellipse, uniq_ijyb

Skill      XL: |  1  2  3  4  5 |
---------------+----------------+-----
Conjurations   | 5 |  5.6
Stealth        | 3 4 |  4.1
Dodging        | 3 |  3.9
Fighting       | 1 |  1.7
Spellcasting   | 4 |  4.4

Action                   |  1- 3 |  4- 6 || total
-------------------------+-------+-------++-------
Melee: Club              |     6 |       ||     6
       Dagger            |    64 |    67 ||   131
 Cast: Magic Dart        |    57 |    18 ||    75
       Searing Ray       |     1 |    12 ||    13
  Use: Scroll            |       |     8 ||     8
 Stab: Sleeping          |     2 |     2 ||     4
Armor: Robe              |    12 |    14 ||    26
Dodge: Dodged            |    57 |    50 ||   107
